AoeStats
← nhuksemaj70

Arabia

505792142Analyzed
2v2 RM · 20d ago on Sep 11, 2026· 35m 49s· 4 players
Game mode
Random Map
Map size
Medium (4 player)
Population
200
Speed
Normal
Resources
Standard
Victory
Conquest
Starting age
Dark Age
Ending age
Imperial Age
RankedLock teamsTeams togetherTeam positionsShared explorationLock speedFull tech treeHidden civsTurbo modeCheats
Victory
Defeat
🇺🇾 Vietnamese · Uruguay
699
+13
🇦🇷 Franks · Argentina
552
+20
🇺🇸 Bulgarians · United States
639
-17
🇺🇸 Chinese · United States
613
-16
nhuksemaj70
3:28 Loom
11:23 Feudal Age
12:41 Wheelbarrow
13:09 Double-Bit Axe
13:09 Horse Collar
21:03 Castle Age
20:07 Bloodlines
20:15 Scale Barding Armor
22:27 Forging
23:17 Husbandry
23:54 Squires
23:22 Pikeman
24:12 Scale Mail Armor
25:56 Bow Saw
26:19 Heavy Plow
28:42 Hand Cart
29:07 Gold Mining
31:09 Chain Mail Armor
31:30 Iron Casting
33:05 Stone Mining
33:56 Gold Shaft Mining
35:05 Murder Holes
37:48 Imperial Age
Nacho
12:28 Feudal Age
12:31 Man-at-Arms
13:12 Double-Bit Axe
15:22 Horse Collar
16:36 Gold Mining
25:52 Castle Age
24:48 Stone Mining
27:27 Wheelbarrow
27:45 Squires
27:33 Arson
29:04 Stone Shaft Mining
30:41 Bow Saw
wallaceAoE
2:45 Loom
3:34 Loom
12:40 Feudal Age
19:45 Castle Age
19:49 Double-Bit Axe
19:59 Stone Mining
20:28 Forging
20:27 Scale Barding Armor
21:15 Husbandry
21:57 Light Cavalry
jmanuelgiriboni
0:46 Loom
10:08 Feudal Age
14:10 Fletching
16:41 Double-Bit Axe
18:45 Wheelbarrow
18:25 Padded Archer Armor
23:00 Castle Age
23:10 Horse Collar
23:04 Crossbowman
24:26 Bow Saw
24:45 Bodkin Arrow
26:43 Hand Cart
26:18 Town Watch
26:27 Elite Skirmisher
29:17 Leather Archer Armor
29:49 Heavy Plow
32:09 Pikeman
32:51 Squires
34:01 Thumb Ring
34:57 Ballistics
34:33 Murder Holes
Connection lost

Rejoining the realm…

Still unreachable

The connection could not be restored.

Session expired

The server has moved on; the page needs a fresh start.